 Dungeon Crawl Stone Soup version 0.28-a0-1447-ga5a8893891 (webtiles) character file.

Game seed: 12295182974282791940

131079 herbaltea the Severer (level 17, -2/135 HPs)
             Began as a Formicid Abyssal Knight on Jan 10, 2022.
             Was the Champion of Lugonu.
             Slain by a ghoul (5 damage)
             ... on level 2 of the Swamp on Jan 11, 2022.
             The game lasted 02:39:53 (33163 turns).

herbaltea the Severer (Formicid Abyssal Knight)    Turns: 33163, Time: 02:39:54

Health: -2/135     AC: 19    Str: 20    XL:     17   Next: 66%
Magic:  29/29      EV: 12    Int: 23    God:    Lugonu [******]
Gold:   1291       SH: 10    Dex: 17    Spells: 22/32 levels left

rFire   x x .      SeeInvis +   O - +5 mace of Discord {freeze, rElec rF- rC+++ Stlth+}
rCold   + + +      Faith    .   h - +0 kite shield
rNeg    . . .      Spirit   .   s - +0 ice dragon scales
rPois   .          Reflect  .   (helmet unavailable)
rElec   +          Harm     .   N - +1 cloak
rCorr   .          Rampage  .   M - +1 Delatra's gloves {ID++}
Will    +....                   v - +0 pair of boots
Stlth   +.........              z - amulet of regeneration
HPRegen 1.12/turn               Q - ring of Bor Vas {*Slow rElec Int+7 Dex+6 SInv}
MPRegen 0.21/turn               Z - ring of protection from cold

@: invisible
A: permanent stasis, dig shafts and tunnels, antennae 3, four strong arms
a: Dig, Shaft Self, Renounce Religion, Depart the Abyss, Bend Space, Banish,
Corrupt, Enter the Abyss, Brand Weapon With Distortion


You were on level 2 of the Swamp.
You worshipped Lugonu.
Lugonu was exalted by your worship.
You visited 5 branches of the dungeon, and saw 27 of its levels.
You visited the Abyss 1 time.
You also visited: Ice Cave.

You collected 2548 gold pieces.
You spent 1257 gold pieces at shops.

Inventory:

Hand Weapons
 a - a +2 war axe of electrocution
 O - the +5 mace of Discord (weapon) {freeze, rElec rF- rC+++ Stlth+}
   (You found it on level 7 of the Dungeon)

   It freezes those it strikes, dealing additional cold damage.
   It can also slow down cold-blooded creatures.
   rF:        It makes you vulnerable to fire.
   rC:        It renders you almost immune to cold.
   rElec:     It insulates you from electricity.
   Stlth:     It makes you more stealthy.
Missiles
 b - a silver javelin
 m - 6 curare-tipped darts
 y - 4 throwing nets
 K - 31 poisoned darts
Armour
 d - a +0 chain mail of fire resistance
 h - a +0 kite shield (worn)
 s - +0 ice dragon scales (worn)
 v - a +0 pair of boots (worn)
 M - the +1 Delatra's gloves (worn) {ID++}
   (You found it on level 7 of the Dungeon)

   It heals its wearer when they drink unknown potions.
   It restores its wearer's MP when they read unknown scrolls.
 N - a +1 cloak (worn)
 S - +0 acid dragon scales
Jewellery
 g - a ring of ice
 j - a ring of flight
 t - a ring of poison resistance
 w - a ring of willpower
 z - an amulet of regeneration (around neck)
 I - a ring of fire
 Q - the ring of Bor Vas (left hand) {*Slow rElec Int+7 Dex+6 SInv}
   (You found it in an ice cave)

   [ring of dexterity]

   Int:       It affects your intelligence (+7).
   Dex:       It affects your dexterity (+6).
   rElec:     It insulates you from electricity.
   SInv:      It lets you see invisible.
   *Slow:     It may slow you when you take damage.
 U - the ring "Vuvep" {EV+4 SInv}
   (You found it on level 3 of the Lair of Beasts)

   [ring of evasion]

   EV:        It affects your evasion (+4).
   SInv:      It lets you see invisible.
 W - a ring of magical power
 Y - a ring of wizardry
 Z - a ring of protection from cold (right hand)
Wands
 f - a wand of iceblast (8)
 A - a wand of mindburst (12)
 J - a wand of flame (100)
 L - a wand of acid (4)
 R - a wand of polymorph (11)
Scrolls
 c - 7 scrolls of enchant armour
 e - 6 scrolls of fear
 k - 6 scrolls of vulnerability
 l - a scroll of silence
 n - a scroll of summoning
 x - 3 scrolls of enchant weapon
 B - 8 scrolls of magic mapping
 D - 5 scrolls of torment
 P - 6 scrolls of fog
Potions
 i - 2 potions of magic
 o - 5 potions of attraction
 p - 11 potions of curing
 q - 2 potions of ambrosia
 r - 5 potions of brilliance
 u - 3 potions of mutation
 C - 3 potions of might
 E - 2 potions of resistance
 F - 4 potions of heal wounds
 G - 3 potions of invisibility
 T - a potion of lignification
Miscellaneous
 H - a tin of tremorstones (2/2)
 V - a piece from Xom's chessboard (15/15)
 X - a phial of floods


   Skills:
 + Level 12.7 Fighting
 * Level 16.0 Axes
 - Level 1.0 Slings
 - Level 10.0 Armour
 - Level 8.0 Dodging
 - Level 0.4 Stealth
 * Level 6.5 Shields
 - Level 8.0 Spellcasting
 * Level 8.0 Translocations
 + Level 2.0 Transmutations
 + Level 2.1 Earth Magic
 - Level 12.0 Poison Magic
 - Level 12.0 Invocations
 + Level 9.0 Evocations


You had 22 spell levels left.
You knew the following spells:

 Your Spells              Type           Power      Damage    Failure   Level
a - Passwall              Tmut/Erth      15%        N/A       26%         2
g - Passage of Golubria   Tloc           46%        N/A       16%         4
r - Olgreb's Toxic Radia  Pois           59%        N/A       3%          4

Your spell library contained the following spells:

 Spells                   Type           Power      Damage    Failure   Level
 Apportation              Tloc           92%        N/A       1%          1
 Sting                    Tmut/Pois      100%       1d8       2%          1
 Gell's Gravitas          Tloc           46%        N/A       4%          3
 Lesser Beckoning         Tloc           46%        N/A       4%          3
 Teleport Other           Tloc           46%        N/A       4%          3
 Poisonous Vapours        Pois/Air       72%        N/A       5%          2
 Spider Form              Tmut/Pois      41%        N/A       7%          3
 Sandblast                Erth           38%        2d10      19%         1
 Portal Projectile        Hex/Tloc       54%        N/A       24%         3
 Animate Skeleton         Necr           18%        N/A       38%         1
 Pain                     Necr           36%        1d5       38%         1
 Summon Small Mammal      Summ           36%        N/A       38%         1
 Ensorcelled Hibernation  Hex/Ice        18%        N/A       54%         2
 Static Discharge         Conj/Air       9%         N/A       54%         2
 Stone Arrow              Conj/Erth      28%        3d8       63%         3
 Iskenderun's Mystic Bla  Conj/Tloc      27%        2d7       63%         4
 Call Canine Familiar     Summ           9%         N/A       77%         3
 Dazzling Flash           Conj/Hex       18%        N/A       77%         3
 Summon Guardian Golem    Hex/Summ       9%         N/A       77%         3
 Tukima's Dance           Hex            9%         N/A       77%         3
 Summon Forest            Summ/Tloc      13%        N/A       92%         5
 Leda's Liquefaction      Hex/Erth       7%         N/A       95%         4
 Anguish                  Hex/Necr       4%         N/A       99%         4
 Dispel Undead            Necr           9%         3d8       99%         4
 Fulminant Prism          Conj/Hex       4%         3d6       99%         4
 Sticky Flame             Conj/Fire      9%         2d3       99%         4
 Blade Hands              Tmut           9%         N/A       99%         5
 Lee's Rapid Deconstruct  Erth           9%         3d8*      99%         5
 Agony                    Necr           9%         N/A       100%        5
 Excruciating Wounds      Necr           4%         N/A       100%        5
 Silence                  Hex/Air        4%         N/A       100%        5
 Summon Mana Viper        Hex/Summ       9%         N/A       100%        5
 Yara's Violent Unravell  Hex/Tmut       6%         3d5       100%        5
 Summon Cactus Giant      Summ           4%         N/A       100%        6
 Orb of Destruction       Conj           4%         9d2       100%        7
 Spellforged Servitor     Conj/Summ      4%         N/A       100%        7


Dungeon Overview and Level Annotations

Branches:
Dungeon (15/15)            Temple (1/1) D:6            Lair (6/6) D:11
  Swamp (3/4) Lair:3       Spider (0/4) Lair:4        Slime (0/5) Lair:6
    Orc (2/2) D:12            Elf (0/3) Orc:2        Vaults (0/5) D:13
 Depths (0/4) D:15          IceCv (visited)

Altars:
Ashenzari
Cheibriados
Dithmenos
Elyvilon
Fedhas
Gozag
Hepliaklqana
Kikubaaqudgha
Makhleb
Nemelex Xobeh
Okawaru
Qazlal
Ru
Sif Muna
Trog
Uskayaw
Vehumet
Wu Jian
Xom
Yredelemnul
Zin
The Shining One
Beogh

Shops:
D:9 *   Orc:1 (   Orc:2 ?:*:*(*

Portals:
Trove: D:12 (give 5 potions of resistance)

Annotations:
D:6 Harold
D:13 tormentor vault, 3 exclusions
Abyss:1 Donald, Maggie, Nessos


Innate Abilities, Weirdness & Mutations

You cannot be hasted, slowed, berserked, paralysed or teleported.
You can dig through walls and to a lower floor.
You have a pair of large antennae on your head. (SInv)
Your four strong arms can wield two-handed weapons with a shield.


Message History

* * * LOW HITPOINT WARNING * * *
The ghoul claws you!
* * * LOW HITPOINT WARNING * * *
You don't have enough health at the moment.
You feel much better. You block the ghoul's attack. The ghoul claws you.
* * * LOW HITPOINT WARNING * * *
Press: ? - help, v - describe, . - travel
Here: a ghoul (heavily damaged)
The floor, spattered with blood.
You fade into invisibility!
You block the ghoul's attack. The ghoul barely misses you.
You sock the ghoul! You freeze the ghoul.
The ghoul is heavily damaged.
You thump the ghoul!
The ghoul is severely damaged.
You hit the ghoul.
The ghoul is severely damaged.
The ghoul barely misses you. The ghoul claws you but does no damage.
You thump the ghoul!
The ghoul is severely damaged.
The ghoul claws you but does no damage. The ghoul closely misses you.
You sock the ghoul! You freeze the ghoul.
The ghoul is severely damaged.
The ghoul claws you but does no damage. The ghoul barely misses you.
You catch the helpless ghoul completely off-guard!
You sock the ghoul! You freeze the ghoul.
The ghoul is almost destroyed.
You hit the ghoul. You freeze the ghoul.
The ghoul is almost destroyed.
The ghoul claws you!
* * * LOW HITPOINT WARNING * * *
The ghoul claws you!
* * * LOW HITPOINT WARNING * * *
The ghoul claws you!!
* * * LOW HITPOINT WARNING * * *
The ghoul claws you but does no damage.
You hit the ghoul. You freeze the ghoul.
The ghoul is almost destroyed.
The ghoul claws you.
You die...

♣♣.♣≈≈≈≈♣.≈≈.♣♣♣
♣...≈≈♣♣♣.≈≈..♣♣♣♣
♣....♣♣♣.≈...≈≈..♣♣
♣..≈♣♣ ♣♣.≈...≈≈♣.♣
♣..≈♣ ♣..≈≈.≈≈§≈≈.
♣.≈♣♣ ♣.§≈≈≈≈≈≈≈≈≈
♣..♣ ♣§≈≈♣≈≈≈≈≈..
♣.≈♣ ♣.≈≈≈≈≈≈.≈.♣
♣.@♣ ♣...≈≈..≈≈..
♣n.♣ ♣♣.♣....≈≈≈♣≈
♣♣≈♣ ♣...)♣♣..≈≈♣.
♣.♣ ♣.≈≈♣♣♣♣.≈≈≈≈
♣.♣ ♣♣.≈≈.♣ ♣≈≈♣≈.
♣.♣ ♣..≈≈♣♣ ♣.≈≈..
♣≈♣ ♣≈≈≈♣♣ ♣.≈≈.≈
♣≈♣♣♣.≈.♣ ♣...≈.
♣.♣♣÷≈≈.♣ ♣.≈♣≈♣


You could see a ghoul.

Vanquished Creatures
  An emperor scorpion (D:15)
  An orc warlord (Orc:1)
  A ghoul (Swamp:3)
  3 eleionomae
  5 dire elephants
  A fire dragon (D:14)
  9 hydras
  5 vault guards
  3 ghost crabs
  An ogre mage (D:15)
  4 boulder beetles
  5 death knights
  8 centaur warriors
  11 two-headed ogres
  An alligator (Swamp:2)
  2 tengu warriors
  A spectral dire elephant (Lair:6)
  5 death yaks (Lair:5)
  Sonja (D:10)
  4 spriggans
  6 orc high priests (Orc:2)
  3 spectral death yaks (Lair:6)
  2 goliath frogs
  A spectral anaconda (Lair:6)
  2 skeletal warriors
  A swamp dragon (Swamp:2)
  An obsidian statue (Lair:6)
  3 bog bodies
  2 wizards
  4 necromancers (Lair:6)
  6 orc knights
  An oklob plant (Lair:6)
  2 deep elf pyromancers (D:14)
  6 cyclopes
  25 ugly things
  2 will-o-the-wisps
  7 manticores
  17 elephants
  6 black mambas
  2 ice statues (IceCv)
  2 gargoyles
  15 cane toads
  2 torpor snails
  An unseen horror (D:10)
  6 rime drakes
  Psyche (D:8)
  5 komodo dragons
  4 freezing wraiths
  2 efreet (D:15)
  5 yaktaurs (D:15)
  2 ice devils (Lair:2)
  A tengu conjurer (D:15)
  2 trolls
  2 polar bears
  A merfolk (D:15)
  A meliai (D:13)
  Prince Ribbit (D:8)
  A slime creature (shapeshifter) (D:15)
  5 hornets
  4 tyrant leeches
  8 slime creatures
  10 dream sheep (Lair:4)
  8 blink frogs
  2 spectral elephants (Lair:6)
  A raiju (shapeshifter) (D:13)
  3 jumping spiders (Lair:4)
  A spriggan (shapeshifter) (D:13)
  5 wyverns
  3 wraiths
  36 yaks
  3 basilisks
  A human (D:12)
  9 vampire mosquitoes
  4 redbacks (Lair:4)
  A steam dragon (D:7)
  2 wargs (Orc:1)
  2 spectral cane toads (Lair:6)
  8 swamp worms
  2 acid dragons
  12 water moccasins
  2 swamp drakes (Swamp:1)
  3 black bears
  An ice beast (D:7)
  A sky beast (D:7)
  A necrophage (Swamp:3)
  35 orc warriors
  7 ogres
  2 elephant skeletons (Lair:6)
  8 wolves
  4 centaurs
  2 phantoms
  2 kobold brigands
  13 bullfrogs
  2 scorpions
  A cane toad simulacrum (Lair:6)
  A water moccasin skeleton (D:5)
  4 killer bees (D:9)
  An elephant simulacrum (Lair:6)
  5 lindwurm simulacra (IceCv)
  11 wights
  6 howler monkeys
  An electric eel (Lair:3)
  A bullfrog zombie (D:6)
  5 centaur zombies
  A hound (D:6)
  A jelly (D:6)
  34 orc priests
  Crazy Yiuf (D:7)
  6 komodo dragon simulacra (IceCv)
  A centaur skeleton (D:6)
  3 iguanas
  23 orc wizards
  3 howler monkey zombies
  4 gnolls (D:7)
  8 adders
  2 howler monkey skeletons
  6 acid dragon simulacra (IceCv)
  A shadow imp (D:6)
  3 white imps
  2 ufetubi (D:5)
  4 steam dragon simulacra (IceCv)
  An adder skeleton (D:4)
  4 worms
  A dart slug (D:3)
  60 orcs
  6 bats
  6 endoplasms
  A giant cockroach (D:1)
  5 goblins
  5 hobgoblins
  9 jackals
  8 quokkas
  3 training dummies (Orc:1)
  5 ball pythons
  2 frilled lizards
  17 kobolds
  A rat (D:3)
711 creatures vanquished.

Vanquished Creatures (others)
  A tengu conjurer (D:14)
  A bloated husk (Swamp:1)
  A demonic plant (D:3)
  4 foxfires (Swamp:2)
  15 fungi
  34 plants
  24 withered plants (Lair:6)
80 creatures vanquished.

Grand Total: 791 creatures vanquished

Notes
Turn   | Place    | Note
-------+----------+-------------------------------------------
     0 | Abyss:1  | herbaltea the Formicid Abyssal Knight began the quest for
                  | the Orb.
     0 | Abyss:1  | Reached XP level 1. HP: 18/18 MP: 2/2
    81 | D:1      | Escaped the Abyss
   539 | D:1      | Reached XP level 2. HP: 23/24 MP: 3/3
   617 | D:1      | Reached skill level 1 in Dodging
   859 | D:1      | Reached * piety under Lugonu
  1168 | D:2      | Reached XP level 3. HP: 27/30 MP: 4/4
  1289 | D:2      | Reached skill level 3 in Axes
  1552 | D:2      | Reached XP level 4. HP: 31/37 MP: 5/5
  1957 | D:2      | Reached skill level 1 in Slings
  2217 | D:3      | Reached XP level 5. HP: 29/42 MP: 6/6
  2361 | D:3      | Found a sparkling altar of Nemelex Xobeh.
  2536 | D:3      | Found a faded altar of an unknown god.
  2862 | D:4      | Noticed a phantom
  2870 | D:4      | Killed a phantom
  2870 | D:4      | Reached ** piety under Lugonu
  2871 | D:4      | Reached skill level 4 in Axes
  2871 | D:4      | Reached XP level 6. HP: 41/48 MP: 6/8
  2917 | D:4      | Noticed an ogre
  2926 | D:4      | Killed an ogre
  3247 | D:4      | Noticed an ogre
  3258 | D:4      | Killed an ogre
  3259 | D:4      | Reached XP level 7. HP: 14/55 MP: 9/9
  3825 | D:4      | Reached skill level 5 in Axes
  4143 | D:4      | Found an ancient bone altar of Kikubaaqudgha.
  4154 | D:4      | Got Kikubaaqudgha's Volume of Darkness
  4160 | D:4      | Found a radiant altar of Vehumet.
  4371 | D:4      | Found a shimmering blue altar of Sif Muna.
  4686 | D:4      | Learned a level 4 spell: Olgreb's Toxic Radiance
  4701 | D:5      | Entered Level 5 of the Dungeon
  4733 | D:5      | Reached XP level 8. HP: 59/61 MP: 10/10
  4819 | D:5      | Reached skill level 1 in Poison Magic
  4903 | D:5      | Reached skill level 5 in Fighting
  6036 | D:6      | Found a staircase to the Ecumenical Temple.
  6161 | Temple   | Entered the Ecumenical Temple
  6443 | D:6      | Reached skill level 6 in Axes
  6803 | D:6      | Reached XP level 9. HP: 47/51 MP: 12/12
  6876 | D:7      | Noticed a hornet
  6904 | D:7      | Killed a hornet
  7013 | D:7      | Reached skill level 5 in Invocations
  7282 | D:7      | Reached *** piety under Lugonu
  7291 | D:7      | Noticed Maggie
  7354 | D:7      | Reached skill level 5 in Poison Magic
  7398 | D:7      | Banished Maggie
  7399 | D:7      | Reached skill level 5 in Armour
  7542 | D:7      | Reached skill level 7 in Axes
  7678 | D:7      | Found a runed translucent door.
  7680 | D:7      | Noticed Crazy Yiuf
  7689 | D:7      | Killed Crazy Yiuf
  7694 | D:7      | Identified the +5 mace of Discord {freeze, rElec rF- rC+++
                  | Stlth+}
  7768 | D:7      | Noticed Harold
  8012 | D:7      | Found the +1 Delatra's gloves {ID++}
  8114 | D:7      | Found a stormy altar of Qazlal.
  8486 | D:8      | Noticed Prince Ribbit
  8570 | D:8      | Killed Prince Ribbit
  8571 | D:8      | Reached skill level 1 in Spellcasting
  8571 | D:8      | Reached XP level 10. HP: 69/76 MP: 14/14
  8589 | D:8      | Noticed a two-headed ogre
  8692 | D:7      | Killed a two-headed ogre
  8968 | D:8      | Found a shimmering altar of Xom.
  8989 | D:8      | Reached skill level 8 in Axes
  9281 | D:8      | Noticed Psyche
  9347 | D:8      | Killed Psyche
 10014 | D:9      | Found Azov's General Store.
 10017 | D:9      | Bought a scroll of fog for 28 gold pieces
 10017 | D:9      | Bought a scroll of identify for 28 gold pieces
 10052 | D:10     | Entered Level 10 of the Dungeon
 10071 | D:9      | Reached skill level 5 in Dodging
 10093 | D:9      | Reached XP level 11. HP: 82/84 MP: 10/16
 10098 | D:9      | Reached **** piety under Lugonu
 10151 | D:10     | Found a blossoming altar of Fedhas.
 10154 | D:10     | Found a white marble altar of Elyvilon.
 10154 | D:10     | Found a burning altar of Makhleb.
 10157 | D:10     | Found a broken altar of Ashenzari.
 10381 | D:10     | Noticed Sonja
 10408 | D:10     | Killed Sonja
 10409 | D:10     | Reached skill level 9 in Axes
 11029 | D:10     | Noticed a two-headed ogre
 11055 | D:10     | Killed a two-headed ogre
 11462 | D:11     | Found a staircase to the Lair.
 11676 | D:11     | Noticed a two-headed ogre
 11712 | D:11     | Killed a two-headed ogre
 11878 | D:11     | Noticed a cyclops
 11921 | D:11     | Identified the +6 scale mail of Spite {Dex+6}
 11991 | D:11     | Killed a cyclops
 11992 | D:11     | Reached skill level 10 in Poison Magic
 12068 | D:11     | Noticed a cyclops
 12080 | D:11     | Killed a cyclops
 12090 | D:11     | Reached XP level 12. HP: 52/92 MP: 11/18
 12198 | D:11     | Noticed a boulder beetle
 12236 | D:11     | Killed a boulder beetle
 12643 | D:12     | Noticed a two-headed ogre
 12690 | D:11     | Killed a two-headed ogre
 12691 | D:11     | Reached skill level 10 in Axes
 12753 | D:12     | Noticed a two-headed ogre
 12814 | D:11     | Killed a two-headed ogre
 12945 | D:12     | Found a staircase to the Orcish Mines.
 13213 | D:12     | Noticed a vault guard
 13271 | D:12     | Killed a vault guard
 13588 | D:12     | Noticed a death knight
 13633 | Lair:1   | Entered Level 1 of the Lair of Beasts
 13695 | Lair:1   | Reached skill level 5 in Spellcasting
 13830 | Lair:1   | Reached ***** piety under Lugonu
 14247 | Lair:1   | Reached XP level 13. HP: 99/99 MP: 12/20
 14387 | Lair:1   | Reached skill level 1 in Evocations
 15066 | Lair:2   | Found a frozen archway.
 15089 | Lair:2   | Reached skill level 11 in Axes
 15178 | IceCv    | Entered an ice cave
 15641 | IceCv    | Noticed a white draconian
 15658 | IceCv    | Banished a white draconian
 15866 | IceCv    | Identified the ring of Bor Vas {*Slow rElec Int+7 Dex+6
                  | SInv}
 17632 | Lair:3   | Identified the ring "Vuvep" {EV+4 SInv}
 17633 | Lair:3   | Found a staircase to the Swamp.
 18070 | Lair:4   | Reached XP level 14. HP: 108/108 MP: 23/23
 18243 | Lair:4   | Reached skill level 12 in Axes
 18422 | Lair:4   | Reached skill level 10 in Invocations
 18424 | Lair:4   | Found a hole to the Spider Nest.
 19283 | Lair:5   | Reached ****** piety under Lugonu
 19284 | Lair:5   | Reached skill level 5 in Evocations
 19294 | Lair:5   | Reached skill level 10 in Fighting
 20165 | Lair:6   | Entered Level 6 of the Lair of Beasts
 20355 | Lair:6   | Found a basalt altar of Yredelemnul.
 20962 | Lair:6   | Found a staircase to the Slime Pits.
 21121 | Lair:6   | Noticed a dire elephant
 21121 | Lair:6   | Noticed a dire elephant
 21121 | Lair:6   | Noticed a dire elephant
 21123 | Lair:6   | Noticed a dire elephant
 21143 | Lair:6   | Reached skill level 10 in Armour
 21213 | Lair:6   | Noticed a dire elephant
 21257 | Lair:6   | Killed a dire elephant
 21258 | Lair:6   | Reached skill level 13 in Axes
 21456 | Lair:6   | Reached XP level 15. HP: 46/112 MP: 26/26
 22556 | Lair:6   | Learned a level 4 spell: Passage of Golubria
 23327 | D:12     | Found a portal to a secret trove of treasure.
 23515 | D:12     | Reached skill level 1 in Translocations
 23739 | D:13     | Reached skill level 14 in Axes
 24677 | D:13     | Found a gate to the Vaults.
 24702 | D:13     | HP: 5/119 [barbs]
 25201 | D:14     | Reached XP level 16. HP: 118/126 MP: 28/28
 25817 | D:14     | Found a shimmering blue altar of Sif Muna.
 26003 | D:14     | Reached skill level 5 in Translocations
 26390 | D:14     | Noticed Nessos
 26398 | D:14     | Banished Nessos
 26406 | D:15     | Entered Level 15 of the Dungeon
 26446 | D:15     | Reached skill level 15 in Axes
 26589 | D:14     | HP: 4/127 [purple ugly thing (8)]
 26596 | D:13     | HP: 1/127 [purple ugly thing (12)]
 26976 | D:13     | Reached skill level 1 in Shields
 27783 | D:15     | Noticed an emperor scorpion
 27802 | D:15     | Killed an emperor scorpion
 27849 | D:15     | Found a staircase to the Depths.
 28673 | Orc:1    | Entered Level 1 of the Orcish Mines
 28775 | Orc:1    | Reached XP level 17. HP: 131/134 MP: 19/29
 29025 | Orc:1    | You fall into a shaft and drop 1 floor!
 29025 | Orc:2    | Entered Level 2 of the Orcish Mines
 29025 | Orc:2    | Found a staircase to the Elven Halls.
 29092 | Orc:2    | Found Sybrobla's Magic Scroll Boutique.
 29184 | Orc:2    | Found Zal Kune's Weapon Shop.
 29188 | Orc:2    | Found Juemuwoj's General Store.
 29207 | Orc:2    | Bought a scroll of magic mapping for 49 gold pieces
 29207 | Orc:2    | Bought a scroll of fear for 49 gold pieces
 29207 | Orc:2    | Bought a potion of curing for 42 gold pieces
 29388 | Orc:2    | Bought a scroll of magic mapping for 56 gold pieces
 29434 | Orc:1    | Found Onock's Firing Range.
 29715 | Orc:2    | Noticed Donald
 29850 | Orc:2    | Banished Donald
 30116 | Orc:2    | Reached skill level 5 in Shields
 30481 | Orc:2    | Found Abaeg's Book Boutique.
 30482 | Orc:2    | Found Orez Gistu's General Store.
 30482 | Orc:2    | Found Ninunnenn's Book Shop.
 30483 | Orc:2    | Found Puxergh's General Store.
 30501 | Orc:2    | Bought a potion of curing for 45 gold pieces
 30501 | Orc:2    | Bought a scroll of vulnerability for 112 gold pieces
 30501 | Orc:2    | Bought 2 potions of magic for 240 gold pieces
 30508 | Orc:2    | Bought a scroll of enchant armour for 112 gold pieces
 30508 | Orc:2    | Bought a ring of flight for 262 gold pieces
 30517 | Orc:2    | Bought a book of Geomancy for 234 gold pieces
 30523 | Orc:2    | Learned a level 2 spell: Passwall
 30668 | Swamp:1  | Entered Level 1 of the Swamp
 31428 | Swamp:1  | Reached skill level 1 in Transmutations
 31557 | Swamp:1  | Reached skill level 1 in Earth Magic
 32110 | Swamp:2  | Reached skill level 16 in Axes
 32526 | Swamp:2  | Found a blossoming altar of Fedhas.
 33153 | Swamp:2  | HP: 2/135 [ghoul (11)]
 33162 | Swamp:2  | HP: 2/135 [ghoul (19)]
 33163 | Swamp:2  | Slain by a ghoul

Illustrated notes

Levels and vault maps discovered:
D:1:      minmay_arrival_five_plusses, layout_basic
D:2:      layout_basic, grunt_ministairs_7
D:3:      layout_loops_ring, nemelex_spade_bored_becter,
          dreamdust_ecumenical_altar_sealed_demon
D:4:      minmay_bubble_buster, layout_cave_pools, palyth_temple_overflow_mages
D:5:      layout_basic
D:6:      layout_cave_pools, minmay_temple_entry_large_hall, feat_on_display
D:7:      layout_cave_pods, grunt_qazlal_clouds, due_unseen_surprise,
          uniq_crazy_yiuf_cottage, uniq_harold, uniq_maggie
D:8:      layout_cave_pools, kennysheep_mini, minmay_misc_feat_secret_circle,
          uniq_prince_ribbit1, uniq_psyche
D:9:      layout_big_octagon, serial_shops, kennysheep_mini_moat,
          columned_hall_lemuel
D:10:     layout_roguey, grunt_temple_overflow_open, uniq_sonja
D:11:     layout_small_grid, david_lair_generic
D:12:     layout_small_grid, erik_orc_4, enter_trove_5, grunt_ministairs_9
D:13:     cheibrodos_tormentor_scu, layout_basic,
          lightli_vaults_fourway_checkpoint
D:14:     layout_roguey, lemuel_tele_altar, corexii_corridor_pit,
          wad_floor_pattern_untrapped, kennysheep_kite_vault, uniq_nessos
D:15:     hangedman_depths_entry_try_elsewhere_first, layout_small_grid
Temple:   nicolae_temple_x_marks_the_god
Lair:1:   layout_small_grid, grunt_megastairs_4, serial_bayou_shore_b
Lair:2:   layout_regular_city, portal_ice_cave_demonic_guard
Lair:3:   layout_roguey, skrybe_swamp_entry_bodies, serial_bayou_lake_a,
          grunt_megastairs_5, serial_bayou_shore_b
Lair:4:   layout_long_grid, nicolae_spider_entry_tight_spaces,
          lemuel_fruit_fields
Lair:5:   layout_layer_cave
Lair:6:   due_jungle_book, layout_cave_shapes, dpeg_slime_entry_corner,
          lemuel_oklob_altar
Swamp:1:  layout_basic_swamp, hangedman_swamp_blocks, infiniplex_staircase_pool
Swamp:2:  layout_falls_marsh, nicolae_swamp_godswood, swamp_pool1
Swamp:3:  layout_basic_swamp, evilmike_swamp_ruin_house_2, swamp_pool3,
          infiniplex_staircase_pool_2
Orc:1:    layout_caves, nicolae_shop_firing_range
Orc:2:    st_orc_pillars, layout_caves, serial_shops, shop_statue,
          nicolae_shop_statue_plus, nicolae_shop_advertising_works
          [nicolae_subvault_shop_adworks], bh_open_orc_temple, uniq_donald

Skill      XL: |  1  2  3  4  5  6  7  8  9 10 11 12 13 14 15 16 17 |
---------------+----------------------------------------------------+-----
Dodging        | 1 2 3 4 5 6 7 8 |  8.0
Axes           | 3 4 5 6 7 8 9 10 11 13 14 15 16 | 16.0
Slings         | 1 |  1.0
Fighting       | 4 5 6 7 8 9 10 11 12 | 12.7
Armour         | 3 4 5 6 7 8 9 10 | 10.0
Invocations    | 3 4 5 6 7 8 9 10 12 | 12.0
Poison Magic   | 4 6 8 10 11 12 | 12.0
Spellcasting   | 1 2 4 5 6 7 8 |  8.0
Evocations     | 3 5 6 8 9 |  9.0
Translocations | 3 6 8 |  8.0
Shields        | 3 6 |  6.5
Transmutations | 2 |  2.0
Earth Magic    | 2 |  2.1
Stealth        | |  0.4

Action                   |  1- 3 |  4- 6 |  7- 9 | 10-12 | 13-15 | 16-18 || total
-------------------------+-------+-------+-------+-------+-------+-------++-------
Melee: Hand axe          |    73 |    85 |   352 |   618 |   221 |       ||  1349
       Punch             |       |     2 |     5 |     3 |    16 |     3 ||    29
       Dagger            |       |       |    92 |       |       |       ||    92
       Unarmed           |       |       |       |     2 |       |       ||     2
       Battleaxe         |       |       |       |       |   818 |       ||   818
       Mace              |       |       |       |       |    81 |   220 ||   301
       War axe           |       |       |       |       |    19 |   658 ||   677
 Fire: Hunting sling     |    11 |    50 |    72 |       |       |       ||   133
 Cast: Olgreb's Toxic Ra |       |       |       |    72 |    81 |    54 ||   207
Invok: Depart the Abyss  |     1 |       |       |       |       |       ||     1
       Bend Space        |       |       |     8 |     3 |     3 |     2 ||    16
       Banish            |       |       |     1 |       |     4 |     8 ||    13
 Abil: Dig               |       |       |     2 |       |     5 |       ||     7
Evoke: Wand              |       |       |     3 |       |    15 |       ||    18
  Use: Potion            |       |       |     2 |     1 |     4 |     2 ||     9
       Scroll            |       |       |       |    13 |     6 |     4 ||    23
 Stab: Distracted        |       |       |       |       |       |     1 ||     1
       Confused          |       |       |       |       |       |     1 ||     1
       Invisible         |       |       |       |       |       |     1 ||     1
Armor: Leather armour    |    12 |       |       |       |       |       ||    12
       Scale mail        |    13 |    22 |       |   106 |   128 |       ||   269
       Plate armour      |       |    18 |    60 |       |       |       ||    78
       Chain mail        |       |       |   233 |    13 |       |       ||   246
       Steam dragon scal |       |       |       |    50 |       |       ||    50
       Acid dragon scale |       |       |       |   118 |       |   103 ||   221
       Ice dragon scales |       |       |       |       |   465 |   265 ||   730
Dodge: Dodged            |    48 |    35 |   230 |   461 |   952 |   537 ||  2263
Block: Kite shield       |       |       |       |       |       |   270 ||   270

Table legend: (Time is in decaauts)
 A = Elapsed time spent in this place.
 B = Non-inter-level travel time spent in this place.
 C = Inter-level travel time spent in this place.
 D = Time resting spent in this place.
 E = Time spent auto-exploring this place.
 F = Levels seen in this place.
 G = Mean time per level.
                   A        B        C        D        E       F      G
               +--------+--------+--------+--------+--------+-----+--------+
         Total |  33097 |  31354 |   1743 |   4893 |  16638 |  31 | 1067.6 |
       Dungeon |  18959 |  18097 |    862 |   2660 |  10003 |  15 | 1263.9 |
        Temple |     58 |     51 |      7 |      0 |     46 |   1 |   58.0 |
          Lair |   8651 |   8031 |    620 |    928 |   4476 |   6 | 1441.8 |
         Swamp |   2497 |   2376 |    121 |    829 |    847 |   3 |  832.3 |
  Orcish Mines |   1877 |   1746 |    131 |    225 |   1022 |   2 |  938.5 |
         Abyss |     83 |     83 |      0 |      0 |     63 |   3 |   27.7 |
      Ice Cave |    968 |    968 |      0 |    251 |    180 |   1 |  968.0 |
               +--------+--------+--------+--------+--------+-----+--------+

Top non-repeatable levels by time:
  Lair:6: 2428 daAuts
    D:13: 2032 daAuts
     D:7: 1635 daAuts
  Lair:5: 1545 daAuts
    D:11: 1529 daAuts
    D:14: 1529 daAuts
    D:12: 1453 daAuts
     D:4: 1451 daAuts
  Lair:3: 1285 daAuts
     D:5: 1255 daAuts
    D:15: 1236 daAuts
  Lair:1: 1224 daAuts
  Lair:2: 1189 daAuts
   Orc:2: 1144 daAuts
     D:3: 1121 daAuts
